 Dungeon Crawl Stone Soup version 0.31-a0-217-g58bb5d7 (webtiles) character file.

Game seed: 10054135544283968251

392 lyrin the Chiller (level 6, -6/43 HPs)
             Began as a Mummy Ice Elementalist on July 2, 2023.
             Mangled by Duvessa
             ... wielding a +0 rapier
              (10 damage)
             ... on level 4 of the Dungeon.
             The game lasted 00:05:33 (2750 turns).

lyrin the Chiller (Mummy Ice Elementalist)          Turns: 2750, Time: 00:05:33

Health: -6/43      AC:  6    Str: 11    XL:     6   Next: 51%
Magic:  1/11       EV: 12    Int: 17    God:
Gold:   228        SH:  0    Dex: 12    Spells: 8/12 levels left

rFire   x . .        c - +0 sling
rCold   + + .        (no shield)
rNeg    + + +        a - +0 robe
rPois   ∞            k - +2 helmet
rElec   .            (no cloak)
rCorr   +            j - +0 pair of gloves
SInv    .            (no boots)
Will    .....        (no amulet)
Stlth   ++           i - ring of Naarghoi {rC+ rN+ Will- Slay+4}
HPRegen 0.27/turn    f - ring of resist corrosion
MPRegen 0.12/turn

%: faith
@: freezing walls
A: cold resistance 1, negative energy resistance 3, torment resistance 2, heat
vulnerability 1, in touch with death 1, no potions, faith
a: no special abilities


You were on level 4 of the Dungeon.
You visited 1 branch of the dungeon, and saw 4 of its levels.

You collected 228 gold pieces.

Inventory:

Hand Weapons
 c - a +0 sling (weapon)
 e - a +0 dagger
 g - a +0 spear of venom
Armour
 a - a +0 robe (worn)
 j - a +0 pair of gloves (worn)
 k - a +2 helmet (worn)
Jewellery
 f - a ring of resist corrosion (right hand)
 i - the ring of Naarghoi (left hand) {rC+ rN+ Will- Slay+4}
   (You found it on level 2 of the Dungeon)

   [ring of slaying]

   Slay:      It affects your accuracy & damage with ranged weapons and melee
   (+4).
   rC:        It protects you from cold.
   rN:        It protects you from negative energy.
   Will:      It decreases your willpower.
 m - a +5 ring of evasion
 n - a ring of flight
Scrolls
 b - a scroll of enchant armour {unknown}
 d - 6 scrolls of identify {unknown}
 h - a scroll of teleportation {unknown}
 l - 2 scrolls of silence {unknown}
 o - a scroll of revelation {unknown}


   Skills:
 + Level 1.6 Fighting
 + Level 3.8 Ranged Weapons
 + Level 2.0 Dodging
 - Level 1.5 Stealth
 + Level 3.5 Spellcasting
 * Level 4.3 Ice Magic


You had 8 spell levels left.
You knew the following spells:

 Your Spells              Type           Power      Damage    Failure   Level
a - Freeze                Ice            68%        1d8       2%          1
b - Frozen Ramparts       Ice            34%        1d6       9%          3

Your spell library contained the following spells:

 Spells                   Type           Power      Damage    Failure   Level
 Ozocubu's Armour         Ice            17%        N/A       9%          3
 Apportation              Tloc           4%         N/A       17%         1
 Magic Dart               Conj           8%         1d3       17%         1
 Call Imp                 Summ           4%         N/A       26%         2
 Mephitic Cloud           Conj/Pois/Air  2%         N/A       45%         3
 Summon Ice Beast         Ice/Summ       10%        N/A       56%         4
 Alistair's Intoxication  Tmut/Pois      1%         N/A       99%         5


Dungeon Overview and Level Annotations

Branches:
Dungeon (4/15)
 Temple: D:4-7

Altars:
Fedhas

Annotations:
D:4 Dowan, Duvessa


Innate Abilities, Weirdness & Mutations

You are immune to poison.
Your flesh is cold resistant. (rC+)
You are immune to negative energy. (rN+++)
You are immune to unholy pain and torment.
You are vulnerable to heat. (rF-)
You are in touch with the powers of death.
You do not drink.
You have a special connection with the divine. (Faith)


Message History

Confirm with . or Enter, or press ? or * to list all spells.
Aiming: Freeze (safe; 2% risk of failure)
Press: ? - help, Shift-Dir - straight line, f/p - Duvessa
Aim: Duvessa, wielding a +0 rapier and wearing a +0 leather armour (heavily wounded, fast)
You freeze Duvessa.
Duvessa is severely wounded.
The frozen ramparts melt away.
Duvessa hits you with a +0 rapier.
* * * LOW HITPOINT WARNING * * *
Duvessa closely misses you.
Casting: Freeze (safe; 2% risk of failure)
Confirm with . or Enter, or press ? or * to list all spells.
Aiming: Freeze (safe; 2% risk of failure)
Press: ? - help, Shift-Dir - straight line, f/p - Duvessa
Aim: Duvessa, wielding a +0 rapier and wearing a +0 leather armour (severely wounded, fast)
Okay, then.
Casting: Freeze (safe; 2% risk of failure)
Confirm with . or Enter, or press ? or * to list all spells.
Casting: Frozen Ramparts (dangerous; 9% risk of failure)
Press: ? - help, Dir - look around, f - activate The walls around you are covered in ice.
The wall freezes Duvessa.
Duvessa hits you but does no damage.
Unknown command.
Casting: Frozen Ramparts (dangerous; 9% risk of failure)
Confirm with . or Enter, or press ? or * to list all spells.
You don't have enough magic to cast this spell.
Unknown command.
The wall freezes Duvessa.
Duvessa barely misses you.
Dowan gestures wildly while chanting.
Dowan blinks!
The wall freezes Duvessa but does no damage.
Duvessa barely misses you.
Fire: c) +0 sling
Press: ? - help, Q - select action, (/) - cycle Shift-Dir - straight line, f - Duvessa
Aim: Duvessa, wielding a +0 rapier and wearing a +0 leather armour (severely wounded, fast, 64% to hit)
You shoot a sling bullet. The sling bullet hits Duvessa.
Duvessa is almost dead.
The wall freezes Duvessa.
Duvessa says, "Where magic fails, the sword succeeds!"
Duvessa hits you with a +0 rapier!
You die...

............###....#.......
...
.............#..##.)..##..
.. ...............####....#
. #
................###....#
##.##
...............###..†..#
#....
#..#............#.....#
#...
##.....)......#.(.##.....#
#.#.
.#..#..........##...##...##
#.
......###......e@....#...#
#. .....##
###......##.....## ## #..##
##..........### # ##.
##...e....## ## ###......#
#......# ##.#..## ######


You could see Duvessa (fast) and Dowan.

Vanquished Creatures
  Eustachio (D:3)
  3 hounds (D:4)
  Robin (D:2)
  4 gnolls (D:4)
  3 adders
  A worm (D:4)
  4 dart slugs
  3 orcs
  2 endoplasms (D:3)
  A giant cockroach (D:2)
  12 goblins
  7 hobgoblins
  2 quokkas
  6 ball pythons
  6 bats
  3 frilled lizards
  5 kobolds
  5 rats
69 creatures vanquished.

Notes
Turn   | Place    | Note
-------+----------+-------------------------------------------
     0 | D:1      | lyrin the Mummy Ice Elementalist began the quest for the
                  | Orb.
     0 | D:1      | Reached XP level 1. HP: 13/13 MP: 4/4
   215 | D:1      | Reached XP level 2. HP: 19/19 MP: 5/5
   754 | D:1      | Reached skill level 1 in Ranged Weapons
  1010 | D:2      | Gained mutation: You are in touch with the powers of death.
                  | [Mummy growth]
  1010 | D:2      | Reached XP level 3. HP: 24/24 MP: 7/7
  1026 | D:2      | Learned a level 3 spell: Frozen Ramparts
  1210 | D:2      | Found a blossoming altar of Fedhas.
  1222 | D:2      | Identified the ring of Naarghoi {rC+ rN+ Will- Slay+4}
  1276 | D:2      | Noticed Robin
  1288 | D:2      | Killed Robin
  1590 | D:3      | Reached XP level 4. HP: 31/31 MP: 8/8
  1923 | D:4      | Noticed Eustachio
  2021 | D:3      | Killed Eustachio
  2022 | D:3      | Reached skill level 1 in Fighting
  2022 | D:3      | Reached skill level 4 in Ice Magic
  2022 | D:3      | Reached XP level 5. HP: 28/37 MP: 9/9
  2104 | D:4      | Noticed Dowan
  2327 | D:4      | Reached XP level 6. HP: 37/43 MP: 3/11
  2729 | D:4      | Noticed Duvessa
  2750 | D:4      | Mangled by Duvessa

Illustrated notes

Levels and vault maps discovered:
D:1:      dpeg_arrival_round_a, layout_rooms, minmay_box_of_dots
D:2:      layout_rooms, basic_altar, uniq_robin
D:3:      layout_basic
D:4:      layout_cave_pools, kennysheep_little_box, uniq_duvessa, uniq_eustachio

Skill      XL: |  1  2  3  4  5 |
---------------+----------------+-----
Ranged Weapons | 1 2 3 |  3.8
Fighting       | 1 |  1.6
Spellcasting   | 3 |  3.5
Ice Magic      | 4 |  4.3
Dodging        | 2 |  2.0
Stealth        | |  1.5

Action                     |  1- 3 |  4- 6 || total
---------------------------+-------+-------++-------
  Melee: Unarmed           |     2 |       ||     2
   Fire: Sling             |   106 |   109 ||   215
   Cast: Freeze            |    21 |     8 ||    29
         Frozen Ramparts   |     1 |     9 ||    10
 Armour: Robe              |    15 |    31 ||    46
  Dodge: Dodged            |    49 |    58 ||   107

Table legend: (Time is in decaauts)
 A = Elapsed time spent in this place.
 B = Non-inter-level travel time spent in this place.
 C = Inter-level travel time spent in this place.
 D = Time resting spent in this place.
 E = Time spent auto-exploring this place.
 F = Levels seen in this place.
 G = Mean time per level.
                   A        B        C        D        E       F      G
               +--------+--------+--------+--------+--------+-----+--------+
         Total |   2814 |   2722 |     92 |    613 |   1551 |   4 |  703.5 |
       Dungeon |   2814 |   2722 |     92 |    613 |   1551 |   4 |  703.5 |
               +--------+--------+--------+--------+--------+-----+--------+

Top non-repeatable levels by time:
     D:1: 966 daAuts
     D:2: 631 daAuts
     D:4: 615 daAuts
     D:3: 601 daAuts
